 Dungeon Crawl Stone Soup version 0.27.1-35-g4d5d836560 (webtiles) character file.

Game seed: 7233181377836858983

2294 Delamore the Cutter (level 9, -2/54 HPs)
             Began as an Octopode Brigand on May 19, 2022.
             Slain by an orc warrior (18 damage)
             ... on level 5 of the Dungeon.
             The game lasted 00:08:54 (7581 turns).

Delamore the Cutter (Octopode Brigand)              Turns: 7581, Time: 00:08:54

Health: -2/54      AC:  1    Str: 11    XL:     9   Next: 40%
Magic:  18/18      EV: 13    Int: 13    God:
Gold:   236        SH:  0    Dex: 16    Spells: 5/8 levels left

rFire    . . .     SeeInvis .   c - +4 mace of Action {venom, rCorr Stlth+}
rCold    . . .     Faith    .   (no shield)
rNeg     . . .     Spirit   .   (helmet restricted)
rPois    .         Reflect  .   (no amulet)
rElec    .         Harm     .   t - ring of magical power
rCorr    +         Rampage  .   (no ring)
Will     .....                  (no ring)
Stlth    +++++.....             (no ring)
HPRegen  0.18/turn              (no ring)
MPRegen  0.16/turn              (no ring)
                                (no ring)
                                (no ring)

@: mighty
A: almost no armour, amphibious, 8 rings, camouflage 1, gelatinous body 1,
(nimble swimmer 1), tentacles
a: no special abilities


You were on level 5 of the Dungeon.
You visited 2 branches of the dungeon, and saw 6 of its levels.

You collected 274 gold pieces.
You spent 38 gold pieces at shops.

Inventory:

Hand Weapons
 a - a +2 dagger
 c - the +4 mace of Action (weapon) {venom, rCorr Stlth+}
   (You found it on level 4 of the Dungeon)

   It poisons the flesh of those it strikes.
   rCorr:     It protects you from acid and corrosion.
   Stlth:     It makes you more stealthy.
 o - a +0 dagger of speed
Missiles
 b - 47 poisoned darts (quivered)
 h - 190 stones
Jewellery
 j - an amulet of faith
 t - a ring of magical power (left tentacle)
 u - a ring of fire
Wands
 p - a wand of iceblast (6)
 q - a wand of paralysis (4)
Scrolls
 d - a scroll of silence
 m - a scroll of magic mapping
 n - 2 scrolls of teleportation
 s - a scroll of noise
 v - a scroll of enchant armour
Potions
 e - a potion of mutation {unknown}
 f - a potion of resistance {unknown}
 g - a potion of magic {unknown}
 k - a potion of haste
 r - a potion of degeneration {unknown}


   Skills:
 - Level 2.0 Fighting
 - Level 7.8 Short Blades
 + Level 7.7 Maces & Flails
 - Level 6.0 Throwing
 - Level 1.0 Dodging
 - Level 5.3 Stealth


You had 5 spell levels left.
You knew the following spells:

 Your Spells              Type           Power      Damage    Failure   Level
a - Tukima's Dance        Hex            0%         N/A       67%         3

Your spell library contained the following spells:

 Spells                   Type           Power      Damage    Failure   Level
 Slow                     Hex            0%         N/A       43%         2
 Confusing Touch          Hex            0%         N/A       67%         3
 Vampiric Draining        Necr           0%         2d6       67%         3
 Passage of Golubria      Tloc           N/A        N/A       97%         4
 Yara's Violent Unravell  Hex/Tmut       0%         3d3       100%        5


Dungeon Overview and Level Annotations

Branches:
Dungeon (5/15)             Temple (1/1) D:4

Altars:
Ashenzari
Cheibriados
Dithmenos
Elyvilon
Fedhas
Hepliaklqana
Kikubaaqudgha
Nemelex Xobeh
Okawaru
Qazlal
Ru
Sif Muna
Wu Jian
Xom
Yredelemnul

Shops:
D:3 *


Innate Abilities, Weirdness & Mutations

You cannot wear most types of armour.
You are amphibious.
You can wear up to eight rings at the same time.
Your skin changes colour to match your surroundings (Stealth+).
Your rubbery body absorbs attacks. (AC +1, EV +1)
((You are camouflaged near water. (Stealth+)))
You have tentacles for arms and can constrict up to eight enemies at once.


Message History

You constrict the orc warrior, but do no damage.
The orc warrior barely misses you.
You thump the orc warrior!
The orc warrior looks as sick as possible!
The orc warrior is heavily wounded.
You constrict the orc warrior.
The orc warrior struggles to escape constriction.
You hit the orc warrior but do no damage.
The orc warrior looks as sick as possible!
The orc warrior is heavily wounded.
You constrict the orc warrior, but do no damage.
The orc warrior hits you with a +0 mace!
You bludgeon the orc warrior!!
You kill the orc warrior!
The orc throws a silver boomerang.
The silver boomerang hits you but does no damage.
Something hits you.
You thump something! You squeeze something.
Reactivating autopickup.
You feel a bit more experienced.
Unknown command.
Deactivating autopickup; reactivate with Ctrl-A.
You sock something!
Reactivating autopickup.
You feel a bit more experienced. The orc warrior closely misses you.
Deactivating autopickup; reactivate with Ctrl-A.
You closely miss something. Something hits you. The orc warrior misses you.
The orc throws a silver boomerang.
The silver boomerang misses you.
You barely miss something. You squeeze something!
Reactivating autopickup.
You feel a bit more experienced.
The orc warrior hits you from afar with a +0 halberd!
* * * LOW HITPOINT WARNING * * *
You swing at nothing.
Aiming: Paralyse
Press: ? - help, Shift-Dir - straight line, f - orc warrior
Aim: an orc warrior, wielding a +0 halberd and wearing a +0 plate armour (chance to affect: 46%)
The orc warrior resists with some effort.
The orc warrior hits you from afar with a +0 halberd!!
You die...

#### ### # #..# #.# # #..# #.# #
#..#################.#######
#.....oo.o.@................
######.####o#############.####...
.....#.###o..###..........####.#.
.......##8..o8##...............#.
####.#.##.....#######..##......#.
#.#.#..)....# ##..##......#.
#.#.#.8...8.#####.......###.#.
#.#.#.......#...............##
####.#.#....o.o##......##..##....


You could see an orc warrior and 3 orcs.

Vanquished Creatures
  A two-headed ogre (D:4)
  Grinder (D:3)
  3 yaks (D:5)
  Duvessa (D:4)
  An orc warrior (D:5)
  A centaur (D:5)
  A phantom (D:5)
  A scorpion (D:4)
  A water moccasin skeleton (D:5)
  Dowan (D:4)
  3 hounds (D:4)
  A centaur skeleton (D:5)
  A scorpion zombie (D:5)
  Terence (D:2)
  3 iguanas
  3 orc wizards (D:5)
  A killer bee zombie (D:4)
  A hound zombie (D:5)
  Robin (D:2)
  5 adders
  An adder skeleton (D:4)
  A worm (D:3)
  A dart slug (D:4)
  10 orcs
  4 ball pythons
  9 endoplasms
  5 giant cockroaches
  12 goblins
  11 hobgoblins
  12 jackals
  7 kobolds
  8 quokkas
  10 bats
  2 frilled lizards (D:2)
  7 rats
132 creatures vanquished.

Vanquished Creatures (others)
  A plant (D:5)
1 creature vanquished.

Grand Total: 133 creatures vanquished

Notes
Turn   | Place    | Note
-------+----------+-------------------------------------------
     0 | D:1      | Delamore the Octopode Brigand began the quest for the Orb.
     0 | D:1      | Reached XP level 1. HP: 14/14 MP: 1/1
   235 | D:1      | Reached XP level 2. HP: 4/19 MP: 2/2
   494 | D:1      | Found a faded altar of an unknown god.
   580 | D:1      | You fall into a shaft and drop 1 floor!
   615 | D:2      | Reached XP level 3. HP: 24/24 MP: 3/3
   623 | D:2      | Noticed Terence
   650 | D:2      | Killed Terence
  1067 | D:2      | Reached XP level 4. HP: 29/29 MP: 4/4
  1671 | D:2      | Noticed Robin
  1674 | D:2      | Killed Robin
  2353 | D:2      | Reached XP level 5. HP: 34/34 MP: 5/5
  2566 | D:3      | Noticed Grinder
  2577 | D:3      | Killed Grinder
  2578 | D:3      | Reached skill level 5 in Short Blades
  2578 | D:3      | Reached XP level 6. HP: 27/39 MP: 6/6
  2732 | D:3      | Found a sparkling altar of Nemelex Xobeh.
  3226 | D:3      | Found an ornate altar of the Wu Jian Council.
  3448 | D:3      | Found Pelessim's General Store.
  3521 | D:3      | Bought a scroll of fear for 38 gold pieces
  3641 | D:4      | Noticed a two-headed ogre
  3642 | D:4      | Found an iron altar of Okawaru.
  3686 | D:4      | Killed a two-headed ogre
  3687 | D:4      | Reached skill level 5 in Throwing
  3687 | D:4      | Reached XP level 7. HP: 45/45 MP: 7/7
  3687 | D:4      | Reached XP level 8. HP: 50/50 MP: 8/8
  3791 | D:4      | Identified the +4 mace of Action {venom, rCorr Stlth+}
  4116 | D:4      | Reached skill level 1 in Maces & Flails
  4237 | D:4      | Found a staircase to the Ecumenical Temple.
  4273 | D:4      | Noticed Duvessa
  4292 | Temple   | Entered the Ecumenical Temple
  4389 | D:4      | Found a shimmering blue altar of Sif Muna.
  4512 | D:4      | Learned a level 3 spell: Tukima's Dance
  4906 | D:4      | Noticed Dowan
  4912 | D:4      | Killed Dowan
  4918 | D:4      | Killed Duvessa
  5404 | D:5      | Entered Level 5 of the Dungeon
  5404 | D:5      | Noticed a yak
  5404 | D:5      | Noticed a yak
  5404 | D:5      | Noticed a yak
  5740 | D:5      | Found a runed translucent door.
  5854 | D:5      | Found a hazy altar of Hepliaklqana.
  5858 | D:5      | Reached skill level 5 in Maces & Flails
  6372 | D:5      | Found a sacrificial altar of Ru.
  6395 | D:5      | HP: 1/50 [phantom (3)]
  6401 | D:5      | Reached XP level 9. HP: 7/54 MP: 9/9
  7581 | D:5      | Slain by an orc warrior

Illustrated notes

Levels and vault maps discovered:
D:1:      dpeg_arrival_tiny_i, layout_basic, basic_ecumenical_altar
D:2:      layout_basic, uniq_robin, uniq_terence
D:3:      layout_basic, nemelex_spade_bored_becter,
          mainiacjoe_overflow_boulevard, serial_shops, nicolae_diamond_shop,
          uniq_grinder
D:4:      layout_cave_pods, okawaru_ov_weapons_minmay,
          mainiacjoe_overflow_paths, minmay_temple_entry_statues_fountains,
          st_stairs_11, minmay_vboxes, uniq_duvessa
D:5:      layout_basic, nzn_hepliaklqana_mist_gate, overflow_temple_1_default,
          amcnicky_mini_corridor_feature, roderic_lattice_a,
          serial_bayou_ford_a, lightli_church_of_beogh
Temple:   dpeg_three_leaves_temple

Skill      XL: |  1  2  3  4  5  6  7  8  9 |
---------------+----------------------------+-----
Short Blades   | 3 4 5 7 |  7.8
Throwing       | 3 4 5 6 |  6.0
Maces & Flails | 5 7 |  7.7
Fighting       | |  2.0
Dodging        | |  1.0
Stealth        | |  5.3

Action                   |  1- 3 |  4- 6 |  7- 9 || total
-------------------------+-------+-------+-------++-------
Melee: Dagger            |    48 |    99 |       ||   147
       Tentacles         |    11 |    14 |    25 ||    50
       Constrict         |     8 |    21 |    20 ||    49
       Mace              |       |       |   109 ||   109
Throw: Dart              |     4 |    17 |    22 ||    43
Evoke: Wand              |       |       |     1 ||     1
  Use: Scroll            |       |     4 |     4 ||     8
       Potion            |       |       |     6 ||     6
 Stab: Sleeping          |     7 |    21 |    14 ||    42
Armor: Skin              |     4 |     8 |     4 ||    16
Dodge: Dodged            |    34 |    37 |    69 ||   140
